 Dungeon Crawl Stone Soup version 0.30-a0-51-g784eafce7f (webtiles) character file.

Game seed: 9008900922152834224

65 BritishOli the Trooper (level 3, -1/29 HPs)
             Began as a Demonspawn Fighter on Sept 6, 2022.
             Slain by a worm (8 damage)
             ... on level 2 of the Dungeon.
             The game lasted 00:00:45 (1196 turns).

BritishOli the Trooper (Demonspawn Fighter)         Turns: 1196, Time: 00:00:46

Health: -1/29      AC:  7    Str: 18    XL:     3   Next: 94%
Magic:  3/3        EV:  9    Int:  9    God:
Gold:   73         SH:  4    Dex: 12    Spells: 2/2 levels left

rFire   . . .      SeeInvis .    a - +0 long sword
rCold   . . .      Faith    .    c - +0 buckler
rNeg    . . .      Spirit   .    b - +0 scale mail
rPois   .          Reflect  .    (no helmet)
rElec   .          Harm     .    (no cloak)
rCorr   .          Rampage  .    (no gloves)
Will    .....                    (no boots)
Stlth   ..........               (no amulet)
HPRegen 0.09/turn                (no ring)
MPRegen 0.08/turn                (no ring)

@: no status effects
A: rugged brown scales 1, weakness stinger 1
a: no special abilities


You were on level 2 of the Dungeon.
You visited 1 branch of the dungeon, and saw 2 of its levels.

You collected 73 gold pieces.

Inventory:

Hand Weapons
 a - a +0 long sword (weapon)
Armour
 b - a +0 scale mail (worn)
 c - a +0 buckler (worn)
Scrolls
 e - a scroll of blinking {unknown}
 g - a scroll of brand weapon {unknown}
 h - a scroll of torment {unknown}
Potions
 d - a potion of might
 f - 2 potions of heal wounds {unknown}
 i - a potion of curing {unknown}


   Skills:
 + Level 3.5 Fighting
 + Level 2.4 Long Blades
 + Level 3.2 Armour
 + Level 3.2 Shields


You had 2 spell levels left.
You didn't know any spells.
Your spell library contained the following spells:

 Spells                   Type           Power      Damage    Failure   Level
 Apportation              Tloc           0%         N/A       86%         1
 Beastly Appendage        Tmut           0%         N/A       86%         1
 Necrotise                Necr           0%         1d4       86%         1
 Summon Small Mammal      Summ           0%         N/A       86%         1
 Wereblood                Tmut           0%         N/A       94%         2
 Spider Form              Tmut/Pois      0%         N/A       99%         3


Dungeon Overview and Level Annotations

Branches:
Dungeon (2/15)

Altars:

Shops:
D:1 (


Innate Abilities, Weirdness & Mutations

You are partially covered in rugged brown scales. (AC +1, +3% HP)
You have a small tail.


Message History

There are monsters nearby!
There are monsters nearby!
You hit Terence.
Terence is lightly wounded.
Terence hits you with a +0 falchion.
You hit Terence.
Terence is moderately wounded.
Terence hits you but does no damage. Terence hits you with a +0 falchion.
You completely miss Terence.
Terence is moderately wounded.
You block the worm's attack. Terence hits you with a +0 falchion.
Terence hits you but does no damage. Terence attacks as you move away!
Terence hits you with a +0 falchion.
Terence shouts, "Get ready for death!"
Found a scroll labelled WOJIOG MISHREETI.
Terence shouts, "Get ready for death!"
You hit Terence.
Terence is heavily wounded.
Terence hits you but does no damage.
You hit Terence.
Terence is severely wounded.
Terence hits you with a +0 falchion.
You barely miss Terence.
Terence is severely wounded.
Terence hits you with a +0 falchion. Terence hits you but does no damage.
You closely miss Terence.
You tail-slap Terence, but do no damage.
Terence is severely wounded.
Terence hits you with a +0 falchion.
* * * LOW HITPOINT WARNING * * *
You hit Terence but do no damage.
Your tail-slap misses Terence.
Terence is severely wounded.
Terence barely misses you.
You slash Terence!
You kill Terence!
You barely miss the worm. You hit the worm.
The worm is lightly wounded.
The worm bites you!
You die...

#.#.# . #.#.. $..
#.# #.#.# ..###.
#... #.#.. ...[.
.....# #.# ##.... ♣.
#.# ....♣♣ ♣♣♣♣ ##
#.# #!...♣♣♣♣_.♣♣#.
######..♣ ♣..♣.♣.♣#.
#..@w...♣♣♣♣♣.♣♣♣♣..
#.####..♣♣.♣♣..♣.♣.#
.? #.♣♣♣♣.♣♣♣.♣♣)#
## #.♣♣♣.♣...♣♣♣.#
#..♣♣.♣♣♣♣♣♣.#.
#.#.........♣♣.
#.###......♣.#. #.#
###......#. .(#
##.......


You could see a worm.

Vanquished Creatures
  Terence (D:2)
  An adder (D:2)
  A worm (D:2)
  3 bats
  An endoplasm (D:1)
  A giant cockroach (D:2)
  4 goblins
  2 hobgoblins (D:1)
  2 quokkas
  3 ball pythons
  2 frilled lizards (D:1)
  4 kobolds
  6 rats (D:1)
31 creatures vanquished.

Notes
Turn   | Place    | Note
-------+----------+-------------------------------------------
     0 | D:1      | BritishOli the Demonspawn Fighter began the quest for the
                  | Orb.
     0 | D:1      | Reached XP level 1. HP: 18/18 MP: 1/1
   206 | D:1      | Gained mutation: You are partially covered in rugged brown
                  | scales. (AC +1, +3% HP) [demonic ancestry]
   206 | D:1      | Reached XP level 2. HP: 15/24 MP: 2/2
   729 | D:1      | Found Soti's Antique Weapon Shoppe.
   741 | D:1      | You fall into a shaft and drop 1 floor!
   987 | D:2      | Gained mutation: You have a small tail. [demonic ancestry]
   987 | D:2      | Reached XP level 3. HP: 29/29 MP: 3/3
  1157 | D:2      | Found a faded altar of an unknown god.
  1178 | D:2      | Noticed Terence
  1194 | D:2      | Killed Terence
  1196 | D:2      | Slain by a worm

Illustrated notes

Levels and vault maps discovered:
D:1:      ncdulo_halloftheorcs, layout_loops_ring, serial_shops, shop,
          minmay_unequal
D:2:      layout_loops_ring, chequers_ecumenical_altar_grove, dk_noncrumbling_4,
          uniq_terence

Skill      XL: |  1  2 |
---------------+-------+-----
Long Blades    | 2 |  2.4
Armour         | 3 |  3.2
Shields        | 3 |  3.2
Fighting       | |  3.5

Action                   || total
-------------------------++-------
Melee: Long sword        ||    92
       Tailslap          ||     2
Armor: Scale mail        ||    42
Dodge: Dodged            ||    42
Block: Buckler           ||    28

Table legend: (Time is in decaauts)
 A = Elapsed time spent in this place.
 B = Non-inter-level travel time spent in this place.
 C = Inter-level travel time spent in this place.
 D = Time resting spent in this place.
 E = Time spent auto-exploring this place.
 F = Levels seen in this place.
 G = Mean time per level.
                   A        B        C        D        E       F      G
               +--------+--------+--------+--------+--------+-----+--------+
         Total |   1226 |   1189 |     37 |      0 |    976 |   2 |  613.0 |
       Dungeon |   1226 |   1189 |     37 |      0 |    976 |   2 |  613.0 |
               +--------+--------+--------+--------+--------+-----+--------+

Top non-repeatable levels by time:
     D:1: 972 daAuts
     D:2: 254 daAuts
